 Dungeon Crawl Stone Soup version 0.20-b1-18-gaa2fd62 (webtiles) character file.

18 feelmyfire the Sneak (level 2, -4/13 HPs)
             Began as a Vine Stalker Enchanter on May 24, 2017.
             Slain by Sigmund
             ... wielding a +4 scythe of slicing
              (11 damage)
             ... on level 2 of the Dungeon.
             The game lasted 00:01:02 (816 turns).

feelmyfire the Sneak (Vine Stalker Enchanter)        Turns: 816, Time: 00:01:03

Health: -4/13      AC:  3    Str: 10    XL:     2   Next: 66%
Magic:  0/6        EV: 13    Int: 15    God:
Gold:   53         SH:  0    Dex: 14    Spells: 5/6 levels left

rFire    . . .     SeeInvis .   a - +1 dagger
rCold    . . .     Gourm    .   (no shield)
rNeg     . . .     Faith    .   b - +0 robe
rPois    .         Spirit   +   p - +0 helmet
rElec    .         Reflect  .   (no cloak)
rCorr    .         Harm     .   (no gloves)
MR       .....                  (no boots)
Stlth    +++.......             (no amulet)
Regen    0.1/turn               n - +1 ring of evasion
MPRegen  0.1/turn               (no ring)

@: no status effects
A: fangs 2, magic shield, antimagic bite, no potion heal 3, rot immunity
a: no special abilities


You were on level 2 of the Dungeon.
You were not hungry.

You visited 1 branch of the dungeon, and saw 2 of its levels.

You collected 53 gold pieces.

Inventory:

Hand Weapons
 a - a +1 dagger (weapon)
Armour
 b - a +0 robe (worn)
 p - a +0 helmet (worn)
Jewellery
 n - a +1 ring of evasion (left hand)
Scrolls
 e - a scroll of teleportation {unknown}
 g - 2 scrolls of identify {unknown}
 i - a scroll of blinking {unknown}
 j - a scroll of fear {unknown}
Potions
 f - a potion of magic {unknown}
 h - 2 potions of heal wounds {unknown}
 k - a potion of mutation {unknown}
 m - a potion of haste {unknown}
Books
 c - a book of Maledictions

   Spells                             Type                      Level
   a - Corona                         Hexes                        1
   b - Ensorcelled Hibernation        Hexes/Ice                    2
   c - Confuse                        Hexes                        3
   d - Tukima's Dance                 Hexes                        3
   e - Dazzling Spray                 Conjuration/Hexes            3
Comestibles
 d - 4 bread rations
 l - 2 meat rations
 o - a chunk of flesh


   Skills:
 + Level 1.1 Short Blades
 - Level 1.5 Dodging
 + Level 3.9 Stealth
 + Level 2.5 Spellcasting
 * Level 3.3 Hexes


You had 5 spell levels left.
You knew the following spells:

 Your Spells              Type           Power        Failure   Level  Hunger
a - Corona                Hex            ##.....      5%          1    #......


Dungeon Overview and Level Annotations

Branches:
Dungeon (2/15)

Altars:
Okawaru
Sif Muna
Xom
Zin

Annotations:
D:2 Sigmund


Innate Abilities, Weirdness & Mutations

You have extremely sharp teeth.
When hurt, damage is shared between your health and your magic reserves.
Your bite disrupts and absorbs the magic of your enemies.
Potions cannot restore your health.
You are immune to rotting.


Message History

Found a stone staircase leading down.
You see here 7 gold pieces.
Sigmund the Dreaded comes into view.
He is wielding a scythe of slicing.
The helpless hobgoblin fails to defend itself.
You puncture the hobgoblin!
You kill the hobgoblin!
Sigmund misses you. Sigmund misses you.
You hit Sigmund. You bite Sigmund, but do no damage.
Sigmund is lightly wounded.
You hit Sigmund but do no damage.
Sigmund is lightly wounded.
Sigmund screams, "You will never...
NEVER!!!"
Sigmund points at you and mumbles some strange words.
The puff of flame hits you!
You hit Sigmund. Your bite misses Sigmund.
Sigmund is lightly wounded.
Sigmund hits you with a scythe of slicing!
Ouch! That really hurt!
You die...

####.........# #.#
#.......$....## #.#
#..................#
#............#######
#.........#.##
###....l###.#.#
#....†..# #.#.#
#.......# #.#.#
#.....@.# .#
#....#@## #....#..
#....#### #.... #...
###


You could see Sigmund and a frilled lizard.

Vanquished Creatures
  2 leopard geckos (D:1)
  A ball python (D:1)
  A giant cockroach (D:1)
  2 goblins (D:1)
  3 hobgoblins
  2 bats (D:1)
  3 rats
14 creatures vanquished.

Notes
Turn   | Place    | Note
-------+----------+-------------------------------------------
     0 | D:1      | feelmyfire the Vine Stalker Enchanter began the quest for the Orb.
     0 | D:1      | Reached XP level 1. HP: 9/9 MP: 4/4
   141 | D:1      | Reached skill level 1 in Short Blades
   141 | D:1      | Reached XP level 2. HP: 11/13 MP: 6/6
   545 | D:1      | Found a hide-covered altar of Uskayaw.
   547 | D:1      | Found a deep blue altar of Sif Muna.
   547 | D:1      | Found a shimmering altar of Xom.
   549 | D:1      | Found an opulent altar of Gozag.
   549 | D:1      | Found a glowing silver altar of Zin.
   549 | D:1      | Found an iron altar of Okawaru.
   807 | D:2      | Noticed Sigmund
   816 | D:2      | Slain by Sigmund

Skill      XL: |  1 |
---------------+----+-----
Short Blades   | 1 |  1.1
Dodging        | |  1.5
Stealth        | |  3.9
Spellcasting   | |  2.5
Hexes          | |  3.3

Action                   || total
-------------------------++-------
Melee: Dagger            ||    57
       Bite              ||    11
 Stab: Sleeping          ||     2
Armor: Robe              ||     5
Dodge: Dodged            ||    47
